 Dungeon Crawl Stone Soup version 0.23.2-1-ga50397a6bc (webtiles) character file.

Game seed: 397973732549765503

15718 Mrkan the Fencer (level 12, -1/106 HPs)
             Began as a Minotaur Monk on May 22, 2019.
             Was a High Priest of Trog.
             Slain by a troll (4 damage)
             ... while paralysed
             ... on level 11 of the Dungeon.
             The game lasted 00:26:23 (11473 turns).

Mrkan the Fencer (Minotaur Monk)                   Turns: 11473, Time: 00:26:25

Health: -1/106     AC: 15    Str: 20    XL:     12   Next: 3%
Magic:  11/11      EV:  2    Int:  7    God:    Trog [*****.]
Gold:   337        SH:  0    Dex: 21    Spells: 11/11 levels left

rFire    + . .     SeeInvis .   E - +9 rapier of Tujaoh {drain, rN+ Dex+4}
rCold    . . .     Gourm    .   (no shield)
rNeg     + . .     Faith    .   p - +1 plate armour
rPois    .         Spirit   .   (helmet restricted)
rElec    .         Reflect  .   H - +0 cloak {MR+}
rCorr    .         Harm     .   (no gloves)
MR       +....                  (no boots)
Stlth    ..........             s - amulet of the acrobat
HPRegen  0.27/turn              i - +3 ring of dexterity
MPRegen  0.12/turn              x - ring of protection from fire

@: paralysed, fainting
A: retaliatory headbutt, horns 2
a: Berserk, Trog's Hand, Brothers in Arms, Renounce Religion


You were on level 11 of the Dungeon.
You worshipped Trog.
Trog was extremely pleased with you.
You were fainting.

You visited 2 branches of the dungeon, and saw 12 of its levels.

You collected 827 gold pieces.
You spent 490 gold pieces at shops.

Inventory:

Hand Weapons
 a - a +0 falchion
 n - a +0 rapier
 y - a +0 executioner's axe
 D - the +8 long sword of the Many Allies {antimagic, +Fly rPois Dex-5}
   (You bought it in a shop on level 8 of the Dungeon)

   It reduces the magical energy of the wielder, and disrupts the spells and
   magical abilities of those hit.
   Natural abilities and divine invocations are not affected.
   It affects your dexterity (-5).
   It protects you from poison.
   It lets you fly.
 E - the +9 rapier of Tujaoh (weapon) {drain, rN+ Dex+4}
   (You bought it in a shop on level 8 of the Dungeon)

   A truly terrible weapon, it drains the life of those it strikes.
   It affects your dexterity (+4).
   It protects you from negative energy.
 K - a +1 fustibalus of velocity
Armour
 p - a +1 plate armour (worn)
 H - a +0 cloak of magic resistance (worn)
Jewellery
 i - a +3 ring of dexterity (left hand)
 s - an amulet of the acrobat (around neck)
 x - a ring of protection from fire (right hand)
 z - an uncursed ring of protection from magic
 J - an uncursed ring of fire {unknown}
 P - an uncursed ring of protection from magic
Wands
 b - a wand of random effects (17)
 o - a wand of disintegration (19)
 r - a wand of scattershot (6)
 t - a wand of iceblast (7)
 A - a wand of flame (42)
 C - a wand of paralysis (17)
Scrolls
 f - 4 scrolls of teleportation
 h - a scroll of fear
 m - 3 scrolls of identify
 w - 8 scrolls of remove curse
 F - a scroll of enchant armour
 G - a scroll of noise {unknown}
 I - a scroll of random uselessness {unknown}
 L - a scroll of immolation {unknown}
 M - a scroll of summoning {unknown}
 N - a scroll of vulnerability {unknown}
 Q - a scroll of enchant weapon {unknown}
Potions
 d - 7 potions of ambrosia
 e - a potion of heal wounds
 g - 7 potions of curing
 j - 5 potions of degeneration {unknown}
 k - 3 potions of lignification {unknown}
 l - 2 potions of brilliance {unknown}
 q - 2 potions of flight {unknown}
 u - 3 potions of might {unknown}
 v - 4 potions of resistance
 B - a potion of agility {unknown}
 O - 2 potions of haste {unknown}
Comestibles
 c - 33 rations


   Skills:
 - Level 10.1 Fighting
 * Level 15.3 Long Blades
 + Level 7.9 Armour
 + Level 11.7 Dodging
 - Level 1.5 Stealth


You had 11 spell levels left.
You didn't know any spells.
Your spell library was empty.

Dungeon Overview and Level Annotations

Branches:
Dungeon (11/15)            Temple (1/1) D:4            Lair (0/6) D:8
    Orc: D:9-12

Altars:
Ashenzari
Cheibriados
Dithmenos
Elyvilon
Fedhas
Gozag
Hepliaklqana
Kikubaaqudgha
Makhleb
Nemelex Xobeh
Okawaru
Qazlal
Ru
Sif Muna
Trog
Uskayaw
Vehumet
Wu Jian
Xom
Yredelemnul
Zin
The Shining One

Shops:
D:8 (

Annotations:
D:7 3 runed translucent doors, LambAmis's ghost, novice GrFi; Mrkan's ghost, novice HOMo; kiryas's ghost, novice TrFi


Innate Abilities, Weirdness & Mutations

You reflexively headbutt those who attack you in melee.
You have a pair of horns on your head.


Message History

The troll misses you. The troll completely misses you.
The troll barely misses you. The troll closely misses you.
The troll completely misses you. The troll claws you but does no damage.
You feel yourself speed up. The troll bites you!
* * * LOW HITPOINT WARNING * * *
The troll misses you. The troll closely misses you.
You see here a glowing leather armour.
You lose consciousness!
You recover from your berserk rage.
The ogre hits you with a +0 giant club.
* * * LOW HITPOINT WARNING * * *
The ogre barely misses you. The troll bites you.
* * * LOW HITPOINT WARNING * * *
The troll claws you!
* * * LOW HITPOINT WARNING * * *
The troll claws you.
You die...

#♣.♣# #♣.# ####
#...... ♣♣...♣♣♣..#
#...... ..........#
######### ##.....
.......####
#....##.# #...##
......##
##...#..########..#
##....#
#....T.............
##...#
#..###.........###.
##..# ##TO#
####...#### #.
##..## #..@## #####
##( ###....## #....#
#(. #.......##
##....# #..
.........####.....##
#..##(.
..####.............#
#..#..( ###
#.............#
#..#..( #
##....###.....#
#..#... #...##
#....## #### ..##..
#...# ##...#
.D...#..#..


You could see a troll and an ogre.

Vanquished Creatures
  Fannar (D:11)
  Erolcha (D:9)
  Harold (D:8)
  A two-headed ogre (D:9)
  Pikel (D:8)
  2 ugly things
  A cyclops (D:10)
  Maurice (D:9)
  A komodo dragon (D:11)
  A troll (D:9)
  A queen bee (D:10)
  3 wyverns (D:10)
  Eustachio (D:5)
  15 yaks
  2 hungry ghosts
  Menkaure (D:7)
  2 acid dragons (D:11)
  2 water moccasins
  A soldier ant (D:11)
  Duvessa (D:7)
  3 orc warriors
  A black bear (D:11)
  A phantom (D:8)
  An ice beast (D:11)
  2 sky beasts
  3 ogres
  7 centaurs
  3 crocodiles
  2 big kobolds
  Blork the orc (D:5)
  9 bullfrogs
  Dowan (D:7)
  2 scorpions
  46 killer bees
  4 wights (D:8)
  5 crimson imps
  3 hounds
  A centaur zombie (D:10)
  A bullfrog zombie (D:6)
  2 centaur skeletons
  7 orc priests
  6 bullfrog skeletons
  3 jellies
  7 orc wizards
  5 iguanas
  11 worker ants
  14 adders
  4 gnolls (D:4)
  3 shadow imps
  An ooze (D:5)
  An adder zombie (D:9)
  3 adder skeletons
  3 worms (D:2)
  A dart slug (D:5)
  6 leopard geckos
  38 orcs
  6 giant cockroaches
  7 goblins
  7 hobgoblins
  4 jackals (D:6)
  8 quokkas
  A ball python (D:1)
  6 bats
  8 frilled lizards
  2 jackal skeletons (D:4)
  8 kobolds
  2 quokka skeletons
  A quokka zombie (D:5)
  7 rats
318 creatures vanquished.

Notes
Turn   | Place    | Note
-------+----------+-------------------------------------------
     0 | D:1      | Mrkan the Minotaur Monk began the quest for the Orb.
     0 | D:1      | Reached XP level 1. HP: 19/19 MP: 0/0
   105 | D:1      | Reached skill level 4 in Long Blades
   244 | D:1      | Reached XP level 2. HP: 21/26 MP: 1/1
   831 | D:2      | Reached skill level 5 in Long Blades
   997 | D:2      | Reached XP level 3. HP: 29/31 MP: 2/2
  1636 | D:3      | Reached skill level 6 in Long Blades
  1636 | D:3      | Reached XP level 4. HP: 24/39 MP: 3/3
  1782 | D:3      | Reached skill level 7 in Long Blades
  1782 | D:3      | Reached XP level 5. HP: 11/45 MP: 4/4
  2235 | D:3      | Found a faded altar of an unknown god.
  2451 | D:4      | Reached skill level 8 in Long Blades
  2518 | D:4      | Found a sacrificial altar of Ru.
  2561 | D:4      | Reached XP level 6. HP: 39/51 MP: 5/5
  2663 | D:4      | Found a staircase to the Ecumenical Temple.
  2702 | Temple   | Entered the Ecumenical Temple
  2934 | Temple   | Became a worshipper of Trog the Wrathful
  2934 | Temple   | Reached * piety under Trog
  2934 | Temple   | Reached ** piety under Trog
  3285 | D:5      | Entered Level 5 of the Dungeon
  3327 | D:5      | Reached skill level 9 in Long Blades
  3654 | D:5      | Found an opulent altar of Gozag.
  3797 | D:5      | Reached XP level 7. HP: 15/57 MP: 6/6
  4146 | D:5      | Noticed Eustachio
  4161 | D:5      | Killed Eustachio
  4161 | D:5      | Reached skill level 10 in Long Blades
  4357 | D:5      | Noticed Blork the orc
  4368 | D:5      | Killed Blork the orc
  4427 | D:5      | Reached skill level 11 in Long Blades
  4882 | D:6      | Reached XP level 8. HP: 58/64 MP: 7/7
  5023 | D:6      | Reached *** piety under Trog
  5630 | D:7      | Reached skill level 5 in Fighting
  5672 | D:7      | Reached skill level 5 in Dodging
  6184 | D:7      | Noticed Menkaure
  6199 | D:7      | Killed Menkaure
  6259 | D:6      | Reached XP level 9. HP: 45/79 MP: 8/8
  6387 | D:7      | Found a shimmering altar of Xom.
  6400 | D:7      | Noticed Dowan
  6405 | D:7      | Noticed Duvessa
  6433 | D:7      | Killed Duvessa
  6455 | D:7      | Killed Dowan
  6533 | D:7      | Found a runed translucent gate.
  6534 | D:7      | Found a runed translucent gate.
  6535 | D:7      | Found a runed translucent gate.
  6536 | D:7      | Noticed kiryas's ghost (novice TrFi)
  6536 | D:7      | Noticed LambAmis's ghost (novice GrFi)
  6537 | D:7      | Noticed Mrkan's ghost (novice HOMo)
  7246 | D:8      | Found a burning altar of Makhleb.
  7267 | D:8      | Found a staircase to the Lair.
  7387 | D:8      | Found Okaepoy's Antique Weapon Boutique.
  7388 | D:8      | Noticed Harold
  7425 | D:8      | Killed Harold
  7445 | D:8      | Bought a scorched long sword for 238 gold pieces
  7445 | D:8      | Identified the +8 long sword of the Many Allies {antimagic,
                  | +Fly rPois Dex-5} (You bought it in a shop on level 8 of
                  | the Dungeon)
  7490 | D:8      | Found a hide-covered altar of Uskayaw.
  7574 | D:8      | Bought an iridescent rapier for 252 gold pieces
  7574 | D:8      | Identified the +9 rapier of Tujaoh {drain, rN+ Dex+4} (You
                  | bought it in a shop on level 8 of the Dungeon)
  7817 | D:8      | Noticed Pikel
  7824 | D:8      | Killed Pikel
  7824 | D:8      | Reached skill level 10 in Fighting
  7824 | D:8      | Reached XP level 10. HP: 92/93 MP: 9/9
  7891 | D:8      | Reached **** piety under Trog
  8033 | D:9      | Reached skill level 1 in Armour
  8054 | D:9      | Noticed a two-headed ogre
  8077 | D:9      | Killed a two-headed ogre
  8077 | D:9      | Reached skill level 12 in Long Blades
  8147 | D:9      | Noticed Maurice
  8183 | D:9      | Killed Maurice
  8304 | D:9      | Found a radiant altar of Vehumet.
  8328 | D:9      | Noticed Erolcha
  8341 | D:9      | Killed Erolcha
  8341 | D:9      | Reached skill level 10 in Dodging
  8481 | D:9      | Reached skill level 13 in Long Blades
  8562 | D:9      | Found an iron altar of Okawaru.
  8838 | D:10     | Entered Level 10 of the Dungeon
  8838 | D:10     | Noticed a brown ugly thing
  8851 | D:10     | Killed a brown ugly thing
  9098 | D:10     | Reached skill level 5 in Armour
  9105 | D:10     | Reached XP level 11. HP: 80/99 MP: 10/10
  9115 | D:10     | Reached ***** piety under Trog
  9683 | D:10     | Received a gift from Trog
  9822 | D:10     | Reached skill level 14 in Long Blades
 10898 | D:11     | Reached skill level 15 in Long Blades
 11387 | D:11     | Noticed a green ugly thing
 11387 | D:11     | Noticed Fannar
 11398 | D:11     | Killed a green ugly thing
 11429 | D:11     | Noticed a four-headed hydra
 11430 | D:11     | Killed Fannar
 11430 | D:11     | Reached XP level 12. HP: 25/106 MP: 11/11
 11443 | D:11     | HP: 5/106 [centaur/arrow (1)]
 11470 | D:11     | Paralysed by fainting for 5 turns
 11473 | D:11     | HP: 3/106 [troll (7)]
 11473 | D:11     | Slain by a troll

Skill      XL: |  1  2  3  4  5  6  7  8  9 10 11 |
---------------+----------------------------------+-----
Long Blades    | 4 5 6 7 8 9 11 13 15 | 15.3
Fighting       | 7 10 | 10.1
Dodging        | 6 9 10 11 | 11.7
Armour         | 5 7 |  7.9
Stealth        | |  1.5

Action                   |  1- 3 |  4- 6 |  7- 9 | 10-12 || total
-------------------------+-------+-------+-------+-------++-------
Melee: Falchion          |   112 |   165 |    30 |       ||   307
       Headbutt          |     9 |    37 |    98 |    84 ||   228
       Rapier            |       |       |   332 |   345 ||   677
       Long sword        |       |       |    12 |       ||    12
Invok: Berserk           |       |     1 |     1 |     5 ||     7
       Trog's Hand       |       |       |     2 |     1 ||     3
  Use: Scroll            |       |    13 |     2 |       ||    15
       Potion            |       |     1 |       |     3 ||     4
 Stab: Sleeping          |     2 |       |       |       ||     2
  Eat: Chunk             |     2 |     4 |    14 |     8 ||    28
       Ration            |       |     1 |     3 |     2 ||     6
Armor: Robe              |     3 |       |       |       ||     3
       Plate armour      |    51 |   108 |   187 |   150 ||   496
Dodge: Dodged            |    35 |    48 |   193 |   410 ||   686
       Rpst.: Falchion   |     7 |    12 |     3 |       ||    22
